Cogmind - Beta 13 @@@ ROGUE MODE // 2024.05.22 @ 21:25:39 Player: morimori Result: Destroyed by Y-72 Warden via exploding Wave Collapse Detector Performance ------------- Evolutions (9) 4500 Regions Visited (29) 5800 Robots Destroyed (295) 1475 Value Destroyed (11663) 11663 Prototype IDs (72) 1440 Alien Tech Used (4) 800 Bonus (7724) 7724 TOTAL SCORE: 33402 Bonus ------- High Alert Combat Kills 997 Follower Combat Kills 2760 Network Hubs Disabled 200 Aligned with FarCom 300 Met Zhirov 300 Met Warlord at Base 500 MAIN.C Attacked Warlord 500 Built Enhanced Grunts 300 A7 Reached Mainframe 300 Used Core Reset Matrix 3000 Scanned by Researcher 500 Friendly Fire -1933 Cogmind --------- Core Integrity 0/1600 Matter 257/300 Energy 99/100 System Corruption 0% Temperature Cool (0) Movement Core (50) Location -1/Access Parts ------- > --- POWER (2) -------- (None) > --- PROPULSION (6) --- (None) > --- UTILITY (13) ----- Experimental Optical Array Advanced Hacking Suite Advanced System Shield Improved Corruption Screen Advanced Corruption Screen > --- WEAPON (4) ------- (None) > --- INVENTORY (5) ---- Advanced Cryofiber Web Experimental Matter Compressor (177) Advanced ECM Suite Improved KE Penetrator Peak State ------------ > --- POWER ------------ Light Particle Reactor Compact Particle Reactor > --- PROPULSION ------- Myomer Leg Myomer Leg Biometal Leg Biometal Leg Biometal Leg Enhanced Biometal Leg > --- UTILITY ---------- High-capacity Storage Unit Experimental Optical Array Advanced Sensor Array Advanced Signal Interpreter Advanced ECM Suite Advanced Reaction Control System Centrium Light Armor Plating Centrium Medium Armor Plating Advanced Thermal Shield Antimissile System Hacking Suite Improved Hacking Suite Advanced Hacking Suite > --- WEAPON ----------- Nova Cannon Coil Gun Improved KE Penetrator Railgun > --- INVENTORY -------- Flexi-carbon Leg Myomer Leg Myomer Leg Myomer Leg Myomer Leg Advanced VSS Leg Advanced Cooling System Advanced Cooling System Improved Energy Well Advanced Energy Well Experimental Matter Compressor Advanced Focal Shield Hardcell Cannon [Rating: 177] Favorites ----------- Power Antimatter Reactor Engine Improved Deuterium Engine Power Core Reinforced Fission Core Reactor Antimatter Reactor Propulsion Myomer Leg Treads Light Treads Leg Myomer Leg Wheel Wheel Utility High-capacity Storage Unit Device Advanced Sensor Array Storage High-capacity Storage Unit Processor Improved Signal Interpreter Hackware Hacking Suite Protection Centrium Medium Armor Plating Weapon Heavy Flail Energy Gun Beam Rifle Energy Cannon Heavy Phase Cannon Ballistic Gun Gauss Rifle Ballistic Cannon Hardcell Cannon Launcher Vortex Catalyst Activator Impact Weapon Heavy Flail Slashing Weapon Makeshift Sword Build | -11 -10 -10 -9 -9 -9 -8 -8 -7 -7 -7 -6 -6 -6 -6 -6 -5 -5 -5 -5 -4 -4 -4 -4 -4 -3 -3 -3 -2 -1 ------- Run | Yrd Mat Min Mat Min Exi Min Mat Fac Was Fac Fac Ext Cet Arc Hub Fac Upp Upp War Pro Fac Upp Upp Zhi Pro Res Qua Res Acc Slots Evolved 18 | . . . 2 . . . 2 2 . . 2 . . . . 2 . . . . 2 . . . . 2 . 2 2 Power 1 | . . . . . . . . . . . . . . . . 1 . . . . . . . . . . . . . Propulsion 4 | . . . . . . . 2 . . . 2 . . . . . . . . . . . . . . . . . . Utility 11 | . . . 2 . . . . 2 . . . . . . . . . . . . 2 . . . . 2 . 1 2 Weapon 2 | . . . . . . . . . . . . . . . . 1 . . . . . . . . . . . 1 . Parts Attached 535 | 8 7 2 48 2 1 2 35 104 4 10 16 26 4 10 15 37 4 7 23 2 6 9 6 8 2 42 35 42 18 Power 33 | 1 . . 6 . . . 3 6 . . . 2 . . . 5 . . 3 . . . . 1 . 2 1 2 1 Engine 17 | 1 . . 6 . . . 2 6 . . . 1 . . . 1 . . . . . . . . . . . . . Core 4 | . . . . . . . 1 . . . . . . . . 3 . . . . . . . . . . . . . Reactor 12 | . . . . . . . . . . . . 1 . . . 1 . . 3 . . . . 1 . 2 1 2 1 Propulsion 116 | 2 . . 17 . . . 13 18 . 4 6 4 . . 9 5 . 1 10 . 3 2 . . . 3 6 8 5 Treads 2 | . . . 2 . . . . . . . . . . . . . . . . . . . . . . . . . . Leg 91 | . . . 3 . . . 9 14 . 3 6 4 . . 9 5 . 1 10 . 3 2 . . . 3 6 8 5 Wheel 23 | 2 . . 12 . . . 4 4 . 1 . . . . . . . . . . . . . . . . . . . Hover . | . . . . . . . . . . . . . . . . . . . . . . . . . . . . . . Flight . | . . . . . . . . . . . . . . . . . . . . . . . . . . . . . . Utility 237 | 3 2 . 12 . 1 . 7 49 3 3 7 13 3 7 3 20 3 5 3 2 3 6 . 7 2 21 19 22 11 Device 130 | 2 1 . 6 . . . 4 23 1 . 3 7 2 2 1 14 3 3 2 1 1 4 . 5 1 12 12 13 7 Storage 6 | 1 1 . . . 1 . . 1 . . . . . . . . . . . . . . . . . . 1 1 . Processor 9 | . . . . . . . . 1 . 1 . . . 1 . . . . 1 . . . . . . . 1 2 2 Hackware 17 | . . . 1 . . . . 4 . 2 2 . . 2 1 1 . 1 . . . . . . . 1 . . 2 Protection 75 | . . . 5 . . . 3 20 2 . 2 6 1 2 1 5 . 1 . 1 2 2 . 2 1 8 5 6 . Artifact . | . . . . . . . . . . . . . . . . . . . . . . . . . . . . . . Weapon 149 | 2 5 2 13 2 . 2 12 31 1 3 3 7 1 3 3 7 1 1 7 . . 1 6 . . 16 9 10 1 Energy Gun 18 | . 1 . 3 . . . 2 . . . . . . . . 1 . . 1 . . . 1 . . 6 3 . . Energy Cannon 11 | . . . . . . . 2 . . . . . 1 . 1 1 . . 1 . . . 2 . . 1 . 1 1 Ballistic Gun 72 | 2 2 1 7 1 . 1 6 17 . 2 2 6 . 3 . 4 . 1 4 . . 1 1 . . 3 2 6 . Ballistic Cannon 5 | . . . . . . . . 1 . . . . . . 1 . . . . . . . . . . 1 1 1 . Launcher 21 | . 2 1 2 1 . 1 . 5 1 . . 1 . . 1 . 1 . 1 . . . 2 . . . . 2 . Special Weapon . | . . . . . . . . . . . . . . . . . . . . . . . . . . . . . . Impact Weapon 21 | . . . . . . . 2 8 . 1 1 . . . . 1 . . . . . . . . . 5 3 . . Slashing Weapon 1 | . . . 1 . . . . . . . . . . . . . . . . . . . . . . . . . . Piercing Weapon . | . . . . . . . . . . . . . . . . . . . . . . . . . . . . . . Special Melee Weapon . | . . . . . . . . . . . . . . . . . . . . . . . . . . . . . . Unidentified Prototypes 23 | . . . . . . . 1 2 1 . . . 1 . 1 . . . 6 . . . . 3 . 1 2 5 . Corrupted Parts 2 | . . . . . . . . . . . . . . . 2 . . . . . . . . . . . . . . System Corruption 16 | . . . . . . . . . . . . . . . 16 . . . . . . . . . . . . . . Parts Lost 73 | . 1 . 10 . . . 6 10 . . . 1 . . 1 9 . 2 . . 1 . . . . 1 6 6 19 Power 8 | . . . 1 . . . 1 1 . . . . . . . 2 . . . . . . . . . . 1 1 1 Propulsion 28 | . . . 5 . . . 1 2 . . . 1 . . . 4 . 1 . . . . . . . . 2 2 10 Utility 25 | . 1 . 1 . . . 2 6 . . . . . . 1 1 . 1 . . . . . . . 1 2 2 7 Weapon 12 | . . . 3 . . . 2 1 . . . . . . . 2 . . . . 1 . . . . . 1 1 1 Highest Loss Streak 15 | . 1 . 6 . . . 5 4 . . . 1 . . 1 5 . 2 . . 1 . . . . 1 3 4 15 To Critical Strikes 1 | . . . . . . . . . . . . . . . . . . . . . . . . . . . . . 1 Average Slot Usage (%) 96 | . 99 100 94 100 100 100 99 93 86 91 99 100 100 100 99 99 100 98 99 100 98 99 98 94 94 98 96 92 50 Engine 4 | . 14 14 11 11 11 11 4 5 7 7 6 3 . . . 1 5 5 3 . . . . . . . . . . Core 1 | . . . . . . . 4 1 . . . . . . . 5 5 5 3 . . . . . . . . . . Reactor 3 | . . . . . . . . . . . . 2 6 6 6 2 . . 2 11 10 10 10 10 10 9 8 7 3 Leg 22 | . . . 7 . . . 17 14 15 15 39 40 40 40 40 34 35 34 35 35 29 31 31 31 31 28 27 25 11 Wheel 6 | . 28 28 13 22 22 22 17 10 7 7 . . . . . . . . . . . . . . . . . . . Device 8 | . 13 14 13 11 11 11 10 7 15 2 3 4 5 4 5 4 5 4 4 4 9 10 10 10 9 14 9 10 9 Storage 6 | . 14 14 11 11 11 11 9 7 7 7 6 6 6 6 6 5 5 5 5 5 5 5 5 5 5 4 4 4 1 Processor 6 | . . . . . . . . 7 7 7 6 6 6 8 13 11 11 11 11 11 10 10 10 10 10 9 9 7 9 Hackware 12 | . . . 8 11 11 11 9 14 7 19 20 20 20 17 12 10 11 10 11 11 10 10 10 10 10 13 14 13 6 Protection 4 | . . . 8 11 11 11 7 7 1 7 2 1 . 1 . . . . . . 5 4 5 5 5 3 6 5 3 Energy Gun 2 | . 3 14 8 11 11 11 8 . . . . . . . . 3 5 5 1 . . . 1 5 5 . . . . Energy Cannon 1 | . . . . . . . 3 . . . . . 6 . 3 1 5 1 2 5 5 5 3 . . . . . 1 Ballistic Gun 9 | . 23 13 12 11 11 10 6 11 7 8 11 12 6 13 5 6 . 3 9 11 10 10 7 . . 5 7 12 4 Impact Weapon 1 | . . . . . . . . 2 . 5 1 . . . . 4 5 . . . . . . . . 2 3 1 . Naked Turns . | . . . . . . . . . . . . . . . . . . . . . . . . . . . . . . Heaviest Build 121 | 14 49 49 58 56 56 56 64 71 65 65 62 71 77 72 75 98 97 99 99 100 108 106 112 111 113 114 113 121 118 Greatest Support 164 | 32 32 32 32 20 20 20 20 43 28 28 100 115 115 115 137 137 134 134 148 148 148 153 149 149 149 161 154 164 164 Greatest Overweight (x) 6 | 4 1 1 5 2 2 2 5 6 2 4 . . . . . . . . . . . . . . . . . . . Average Overweight (x) . | . . 1 2 2 2 2 2 1 2 2 . . . . . . . . . . . . . . . . . . . Largest Inventory Capacity 20 | 8 20 20 20 20 20 20 20 20 20 20 20 20 20 20 20 20 20 20 20 20 20 20 20 20 20 20 20 20 20 Average Capacity 19 | 7 19 20 20 20 20 20 20 20 20 20 20 20 20 20 20 20 20 20 20 20 20 20 20 20 20 20 20 20 11 Most Carried 20 | 8 20 20 20 20 20 20 20 20 20 20 20 20 20 20 20 20 20 20 20 20 19 20 20 20 20 20 20 20 20 Average Carried 19 | 6 19 19 19 19 19 20 19 19 20 19 19 19 19 19 19 19 20 18 19 20 18 18 19 19 19 19 19 18 8 Final Capacity 20 | 8 20 20 20 20 20 20 20 20 20 20 20 20 20 20 20 20 20 20 20 20 20 20 20 20 20 20 20 20 5 Final Carried 20 | 8 20 20 20 20 20 20 20 20 20 20 20 20 20 20 20 20 20 18 20 20 19 20 20 20 20 20 20 19 4 Class Distribution -------------------- 30% | Scavenger-Mutant 23% | Scavenger-Skirmisher 23% | Hacker-Mutant 7% | Scavenger-Assassin 6% | Mutant 4% | Hacker-Assassin Dominant Class ---------------- Mutant | -10/Materials Mutant | -10/Mines Scavenger-Mutant | -9/Materials Scavenger-Mutant | -9/Mines Scavenger-Mutant | -9/Exiles Scavenger-Mutant | -8/Mines Scavenger-Mutant | -8/Materials Scavenger-Mutant | -7/Factory Scavenger-Mutant | -7/Waste Hacker-Mutant | -7/Factory Hacker-Mutant | -6/Factory Hacker-Mutant | -6/Extension Hacker-Mutant | -6/Cetus Hacker-Mutant | -6/Archives Scavenger-Skirmisher | -6/Hub_04(d) Scavenger-Assassin | -5/Factory Scavenger-Assassin | -5/Upper Caves Scavenger-Skirmisher | -5/Upper Caves Scavenger-Skirmisher | -5/Warlord Scavenger-Skirmisher | -4/Proximity Caves Scavenger-Skirmisher | -4/Factory Scavenger-Skirmisher | -4/Upper Caves Scavenger-Skirmisher | -4/Upper Caves Scavenger-Skirmisher | -4/Zhirov Scavenger-Skirmisher | -3/Proximity Caves Hacker-Assassin | -3/Research Scavenger-Assassin | -3/Quarantine Scavenger-Skirmisher | -2/Research Scavenger-Tank | -1/Access Resources | -11 -10 -10 -9 -9 -9 -8 -8 -7 -7 -7 -6 -6 -6 -6 -6 -5 -5 -5 -5 -4 -4 -4 -4 -4 -3 -3 -3 -2 -1 ----------- Run | Yrd Mat Min Mat Min Exi Min Mat Fac Was Fac Fac Ext Cet Arc Hub Fac Upp Upp War Pro Fac Upp Upp Zhi Pro Res Qua Res Acc Matter Collected 11683 | 472 404 27 886 51 . 20 468 2562 50 169 459 549 60 322 379 941 59 261 230 222 76 49 70 . 313 970 601 556 457 Remotely . | . . . . . . . . . . . . . . . . . . . . . . . . . . . . . . Salvage Created 11111 | 240 258 140 1429 130 . 31 1503 2358 . 126 192 448 79 324 410 935 . 93 . 197 . . 395 . 79 639 474 486 145 Parts 551 | 17 21 7 83 5 . 4 60 126 . 7 10 19 3 25 25 38 . 1 . 7 . . 13 . 1 26 25 23 5 Haulers Intercepted 5 | . . . 4 . . . . 1 . . . . . . . . . . . . . . . . . . . . . Recyclers Shooed 15 | . 2 . 6 . . . . 3 . . . . . . . 1 . . . . . . . . . 1 2 . . Parts Field Recycled . | . . . . . . . . . . . . . . . . . . . . . . . . . . . . . . Retrieved Matter . | . . . . . . . . . . . . . . . . . . . . . . . . . . . . . . Parts Self-Destructed 27 | . . . . . . . . . . . . . . . . . . 1 . 7 . 11 8 . . . . . . Prevented 3 | . . . . . . . . . . . . . . . . . . . . 2 . 1 . . . . . . . Kills | -11 -10 -10 -9 -9 -9 -8 -8 -7 -7 -7 -6 -6 -6 -6 -6 -5 -5 -5 -5 -4 -4 -4 -4 -4 -3 -3 -3 -2 -1 ------- Run | Yrd Mat Min Mat Min Exi Min Mat Fac Was Fac Fac Ext Cet Arc Hub Fac Upp Upp War Pro Fac Upp Upp Zhi Pro Res Qua Res Acc Combat Hostiles Destroyed 188 | . 8 4 16 4 . 3 23 46 . 1 4 6 1 . 3 14 . 4 . 3 . . 16 . 4 8 7 12 1 Guns 117 | . 3 4 13 1 . 1 9 33 . 1 4 5 1 . 2 14 . 2 . 3 . . 1 . 1 6 5 7 1 Cannons 15 | . . . . . . . 14 . . . . . . . 1 . . . . . . . . . . . . . . AOE 55 | . 5 . 2 3 . 2 . 13 . . . 1 . . . . . 2 . . . . 15 . 3 2 2 5 . Classes Destroyed 22 | 3 3 . 4 . . . 1 4 . . 2 . . . . . . . . . . . . . . . 2 3 . Worker 17 | 2 . . 4 . . . . 6 . . . . . . 3 . . . . . . . . . . . 1 1 . Builder 8 | . . . . . . . . 5 . . . . . . . . . . . . . . . . . 1 2 . . Tunneler 10 | 7 . . 1 . . . . 1 . . . . . . . . . . . . . . . . . . . 1 . Hauler 5 | . . . 4 . . . . 1 . . . . . . . . . . . . . . . . . . . . . Recycler 22 | 1 2 . 5 1 . . 2 5 . . . 1 . . . 1 . . . . . . . . . 2 1 . 1 Carrier 1 | . . . . . . . . . . . . . . . . . . . . . . . . . . . . 1 . Operator 18 | . . . 2 . . . 3 . . 1 . . . 9 1 . . . . . . . . . . 2 . . . Watcher 18 | . 1 . 4 . . . 4 3 . . . 2 . . 2 . . . . . . . . . . . . 2 . Swarmer 34 | . 6 2 3 4 . 3 . 4 . . 3 2 . . . . . . . . . . 2 . . . 1 4 . Grunt 78 | . 2 2 7 . . . 15 23 . 1 . 2 . . 3 5 . 3 . . . . 7 . 4 . . 4 . Brawler 6 | . . . . . . . . 1 . . . . . . . 1 . 1 . . . . 3 . . . . . . Duelist 7 | . . . 2 . . . . 1 . . . 1 . . . . . . . . . . 2 . . . 1 . . Protector 2 | . . . . . . . . 2 . . . . . . . . . . . . . . . . . . . . . Researcher 1 | . . . . . . . . . . . . . . . . . . . . . . . . . . . 1 . . Sentry 21 | . . . 4 . . . 5 5 . . . 2 . . . 2 . . . . . . 1 . . 2 . . . Hunter 15 | . . . . . . . 3 1 . . . . . . . . . . . 3 . . . . . 2 4 2 . Programmer 22 | . . . . . . . . 9 . . 1 . . . . 6 . . . . . . 1 . . 4 . . 1 Cetus Guard 1 | . . . . . . . . . . . . . 1 . . . . . . . . . . . . . . . . Enhanced Grunt 2 | . . . . . . . . . . . . . . . 2 . . . . . . . . . . . . . . Striker 1 | . . . . . . . . . . . . . . . . . . . . . . . . . . . . 1 . Executioner 1 | . . . . . . . . . . . . . . . . . . . . . . . . . . . . 1 . Alpha 7 1 | . . . . . . . . . . . . . . . . . . . . . . . . . . . 1 . . Surgeon 1 | . . . . . . . . . . . 1 . . . . . . . . . . . . . . . . . . Wasp 2 | . . . . . . . . . . 2 . . . . . . . . . . . . . . . . . . . Martyr 1 | . . . . . . . . . . . 1 . . . . . . . . . . . . . . . . . . Best Kill Streak 12 | 4 4 2 6 4 . 3 5 8 . 1 3 4 1 2 3 5 . 4 . 1 . . 12 . 4 3 8 6 1 Combat Bots Only 12 | . 3 2 6 4 . 3 4 5 . 1 3 3 1 . 3 5 . 4 . 1 . . 12 . 4 2 2 4 1 Max Kills in Single Turn 7 | 1 3 1 1 3 . 2 1 5 . 2 1 2 1 1 3 2 . 1 . 1 . . 7 . 2 1 3 5 1 Gunslinging 1 | . . . . . . . . . . . . . . . . . . . . . . . . . . . . 1 . Exploded 7 | . 2 . 1 3 . 2 . 4 . . . 1 . . . . . 1 . . . . 7 . 2 1 1 3 . Melee . | . . . . . . . . . . . . . . . . . . . . . . . . . . . . . . Uniques/NPCs Destroyed . | . . . . . . . . . . . . . . . . . . . . . . . . . . . . . . Combat | -11 -10 -10 -9 -9 -9 -8 -8 -7 -7 -7 -6 -6 -6 -6 -6 -5 -5 -5 -5 -4 -4 -4 -4 -4 -3 -3 -3 -2 -1 -------- Run | Yrd Mat Min Mat Min Exi Min Mat Fac Was Fac Fac Ext Cet Arc Hub Fac Upp Upp War Pro Fac Upp Upp Zhi Pro Res Qua Res Acc Hostile Shots Fired 1868 | . 27 18 124 16 . 8 79 355 . . 40 113 5 4 48 166 . 21 . 99 62 . 12 . 10 125 181 113 242 Missed 654 | . 12 8 32 4 . 3 22 125 . . 16 44 3 2 11 42 . 8 . 34 23 . 6 . 6 49 65 40 99 Intercepted 10 | . . . . . . . . . . . . . . . . . . . . . . . . . . . . 10 . Damage Taken 20757 | . 172 167 1334 87 . 69 799 2944 . . 381 948 40 47 753 2667 . 304 . 632 565 . 120 . 91 1386 1699 1951 3601 Core 3600 | . 62 42 264 22 . . 28 275 . . 68 118 . . 154 283 . 41 . 103 24 . 19 . . 104 176 101 1716 Absorbed by Shields 747 | . . . . . . . . . . . . 5 12 . . . . . . 475 . . . . . 255 . . . Redirected to Shielding 15 | . . . . . . . . . . . 15 . . . . . . . . . . . . . . . . . . Ignored by Resistances 803 | . . . 11 . . . 90 51 . . . . . . . 28 . . . . . . . . . 55 539 . 29 Regen/Repaired (Parts) 3323 | . . . 113 . . . . 466 19 65 . 77 . . . 1078 . . 178 . 208 . . . . . 821 298 . Core Remaining (%) 71 | 100 . 58 . . . 28 94 . . 60 . . . . 60 . . . . 57 . . . . 96 . 78 84 . Volleys Fired 904 | 27 30 12 102 8 . 5 112 149 . 4 14 24 6 40 53 92 . 14 2 43 7 11 10 . 4 51 59 17 8 Largest 4 | 2 2 2 2 2 . 2 2 2 . 2 2 2 1 2 2 2 . 2 1 3 1 1 1 . 1 2 2 4 4 Hottest 211 | 40 60 70 85 86 . 79 120 70 . 56 56 56 60 61 118 114 . 171 90 156 90 90 90 . 45 113 78 181 211 Shots Fired 1559 | 54 57 24 200 16 . 8 154 273 . 7 27 43 6 77 71 169 . 22 2 95 7 11 10 . 4 55 89 52 26 Gun 1325 | 54 53 22 196 15 . 6 92 252 . 7 27 40 2 77 23 158 . 14 . 84 . . 2 . 1 45 89 45 21 Cannon 192 | . . . . . . . 62 13 . . . . 4 . 44 11 . 3 2 11 7 11 4 . . 10 . 5 5 Launcher 42 | . 4 2 4 1 . 2 . 8 . . . 3 . . 4 . . 5 . . . . 4 . 3 . . 2 . Special . | . . . . . . . . . . . . . . . . . . . . . . . . . . . . . . Kinetic 1130 | 54 45 10 123 7 . 3 51 265 . 7 27 40 2 77 42 141 . 6 . 84 . . . . . 13 63 49 21 Thermal 317 | . 8 12 73 8 . 3 102 . . . . . . . 25 28 . 11 2 11 7 11 4 . . 5 . 2 5 Explosive 31 | . 4 2 2 1 . 2 . 8 . . . 3 . . 4 . . 5 . . . . . . . . . . . Electromagnetic 7 | . . . 2 . . . 1 . . . . . 4 . . . . . . . . . . . . . . . . Entropic 74 | . . . . . . . . . . . . . . . . . . . . . . . 6 . 4 37 26 1 . Robot Hit Streak 26 | 11 13 7 26 6 . 1 10 10 . 4 4 8 11 9 6 16 . 11 . 3 . . 4 . 3 8 9 3 4 Robot Miss Streak 13 | 2 8 2 4 3 . 2 4 13 . 4 5 8 1 2 2 5 . 5 . 7 . . 1 . 1 2 4 9 8 Penetration Max 2 | . . . . . . . . 1 . 1 . 1 . 1 1 1 . . . . . . . . . 2 1 1 . Secondary Targets 12 | . . . 1 . . . 1 4 . . 1 1 . . . 2 . . . . . . . . . 1 . 1 . Max Gunslinging Chain 1 | . . . 1 . . . 1 1 . . 1 1 . . . 1 . . . . . . . . . 1 . 1 . Shots Hit Robots 912 | 37 34 15 138 9 . 3 63 186 . 6 18 33 6 49 20 106 . 14 . 43 . . 5 . 3 33 62 20 9 Core Hits 691 | 15 20 7 57 6 . 4 44 216 . 10 22 45 19 26 18 49 . 14 . 11 . . 23 . 7 21 27 25 5 Critical Kills 8 | . . . . . . . . . . 1 . . . . . 3 . . . 1 . . . . . 2 1 . . Critical Parts Destroyed 23 | . . . . . . . . 4 . . . . . 3 . 2 . . . 1 . . . . . 6 7 . . Critical Strikes 40 | . . . 3 2 . 1 2 4 . 1 . . . 3 1 5 . . . 2 . . . . . 8 8 . . Burn 8 | . . . 3 2 . 1 2 . . . . . . . . . . . . . . . . . . . . . . Destroy 21 | . . . . . . . . 3 . 1 . . . 3 . 5 . . . 2 . . . . . 2 5 . . Blast 1 | . . . . . . . . . . . . . . . 1 . . . . . . . . . . . . . . Smash 2 | . . . . . . . . 1 . . . . . . . . . . . . . . . . . 1 . . . Detonate 8 | . . . . . . . . . . . . . . . . . . . . . . . . . . 5 3 . . Melee Attacks 77 | . . . 7 . . . 1 27 . 1 2 . . . . 11 . . . . . . . . . 22 5 1 . Impact 70 | . . . . . . . 1 27 . 1 2 . . . . 11 . . . . . . . . . 22 5 1 . Slashing 7 | . . . 7 . . . . . . . . . . . . . . . . . . . . . . . . . . Piercing . | . . . . . . . . . . . . . . . . . . . . . . . . . . . . . . Sneak Attacks 10 | . . . 1 . . . . 4 . . . . . . . 1 . . . . . . . . . 2 1 1 . Combat Hostiles . | . . . . . . . . . . . . . . . . . . . . . . . . . . . . . . Follow-up Attacks . | . . . . . . . . . . . . . . . . . . . . . . . . . . . . . . Damage Inflicted 37025 | 382 798 200 2302 265 . 142 2944 6366 . 147 371 1034 300 1258 996 2842 . 925 . 799 . . 3281 . 1230 2080 2321 5752 290 Guns 17408 | 382 349 192 1948 136 . 44 984 3187 . 147 371 602 58 1258 195 2787 . 295 . 738 . . 44 . 39 1284 1641 539 188 Cannons 2498 | . . . . . . . 1960 . . . . . 24 . 340 . . . . 61 . . . . . . . 35 78 Explosions 15656 | . 449 8 172 129 . 98 . 2670 . . . 432 218 . 403 . . 630 . . . . 3237 . 1191 452 490 5077 . Melee 1299 | . . . 182 . . . . 507 . . . . . . . 54 . . . . . . . . . 312 190 54 . Ramming 164 | . . . . . . . . 2 . . . . . . 58 1 . . . . . . . . . 32 . 47 24 Kinetic 13669 | 382 286 87 1202 92 . . 462 3187 . 147 371 602 58 1258 469 2525 . 154 . 738 . . . . . 105 782 574 188 Thermal 9442 | . 63 105 746 44 . 44 2474 . . . . . . . 66 262 . 141 . 61 . . . . . 452 490 4416 78 Explosive 4383 | . 449 8 126 129 . 98 . 2418 . . . 432 . . 93 . . 630 . . . . . . . . . . . Electromagnetic 858 | . . . 46 . . . 8 252 . . . . 242 . 310 . . . . . . . . . . . . . . Impact 1117 | . . . . . . . . 507 . . . . . . . 54 . . . . . . . . . 312 190 54 . Slashing 182 | . . . 182 . . . . . . . . . . . . . . . . . . . . . . . . . . Piercing . | . . . . . . . . . . . . . . . . . . . . . . . . . . . . . . Entropic 7210 | . . . . . . . . . . . . . . . . . . . . . . . 3281 . 1230 1179 859 661 . Highest Corruption 16 | . . . . . . . . 4 1 1 . . 4 4 16 10 1 3 . . 3 3 . . . 3 4 . . Average Corruption 2 | . . . . . . . . 1 1 1 . . 3 3 15 4 1 2 . . 1 2 . . . 1 4 . . Corruption Purged 39 | . . . . . . . . 12 . . . . . 4 . 16 1 3 . . . 3 . . . . . . . Corruption Blocked 10 | . . . . . . . . . . . . . . . . . . . . . . . . . . . . 10 . Effects 62 | . . . . . . . . 15 3 8 . . 6 3 5 16 . 1 . . . . . . . . 5 . . Message Errors 16 | . . . . . . . . 3 . 2 . . 3 . 1 5 . 1 . . . . . . . . 1 . . Matter Fused 11 | . . . . . . . . 3 . 2 . . . . 1 5 . . . . . . . . . . . . . Heat Flow Errors 9 | . . . . . . . . 2 3 1 . . . . 1 2 . . . . . . . . . . . . . Energy Discharges 6 | . . . . . . . . 2 . 1 . . 1 . 1 . . . . . . . . . . . 1 . . Parts Rejected 1 | . . . . . . . . . . . . . 1 . . . . . . . . . . . . . . . . Parts Fused 2 | . . . . . . . . . . 1 . . . 1 . . . . . . . . . . . . . . . Data Loss (minor) 6 | . . . . . . . . 2 . . . . 1 . . 1 . . . . . . . . . . 2 . . Data Loss (major) 4 | . . . . . . . . 1 . 1 . . . . . 1 . . . . . . . . . . 1 . . Misfires 4 | . . . . . . . . 2 . . . . . 1 1 . . . . . . . . . . . . . . Alerts 1 | . . . . . . . . . . . . . . . . 1 . . . . . . . . . . . . . Weapon Failures 2 | . . . . . . . . . . . . . . 1 . 1 . . . . . . . . . . . . . Overload Shots . | . . . . . . . . . . . . . . . . . . . . . . . . . . . . . . Overflow Damage 1192 | . 26 . . . . . 82 335 . . . 11 . . 37 . . . . . . . 101 . 10 132 114 344 . Projectiles 82 | . . . . . . . 82 . . . . . . . . . . . . . . . . . . . . . . Explosions 620 | . 26 . . . . . . 10 . . . 11 . . 26 . . . . . . . 101 . 10 92 14 330 . Melee 490 | . . . . . . . . 325 . . . . . . 11 . . . . . . . . . . 40 100 14 . Knockbacks 11 | . . . . . . . . 3 . . . . . . 4 . . . . . . . . . . 2 1 1 . Impact 7 | . . . . . . . . 3 . . . . . . . . . . . . . . . . . 2 1 1 . Kinetic 3 | . . . . . . . . . . . . . . . 3 . . . . . . . . . . . . . . Secondary 1 | . . . . . . . . . . . . . . . 1 . . . . . . . . . . . . . . Self-Inflicted Damage 659 | . . 31 . . . 26 . 54 . . . . . . 107 . . 69 . . . . . . . 186 180 . 6 Shots 12 | . . 1 . . . 1 . 3 . . . . . . 2 . . 1 . . . . . . . 2 2 . . Rammed 3 | . . . . . . . . . . . . . . . . . . . . . . . . . . . . . 3 Targets Rammed 14 | . . . . . . . . 1 . . . . . . 3 1 . . . . . . . . . 2 . 1 6 Kicked 11 | . . . . . . . . 1 . . . . . . 3 1 . . . . . . . . . 2 . 1 3 Crushed . | . . . . . . . . . . . . . . . . . . . . . . . . . . . . . . Highest Temperature 432 | . 18 5 9 . . . 432 140 167 62 . 315 8 . 255 276 . 375 96 188 60 120 60 . 12 154 9 165 216 Average Temperature 61 | . 11 5 3 . . . 69 21 100 39 . 98 4 . 86 67 . 156 52 71 27 52 35 . 9 42 9 70 86 Received Heat Transfer 3626 | . 63 72 351 . . . 441 921 . . . 536 . 9 300 390 . 117 . . . . 33 . 42 90 27 90 144 Effects 9 | . . . . . . . . . . . . 1 . . 1 4 . 3 . . . . . . . . . . . Shutdowns 3 | . . . . . . . . . . . . 1 . . . . . 2 . . . . . . . . . . . Energy Bleed 3 | . . . . . . . . . . . . . . . 1 1 . 1 . . . . . . . . . . . Interference 3 | . . . . . . . . . . . . . . . . 3 . . . . . . . . . . . . . Siege Activations . | . . . . . . . . . . . . . . . . . . . . . . . . . . . . . . Robots Corrupted 1 | . . . . . . . . 1 . . . . . . . . . . . . . . . . . . . . . Combat Hostiles . | . . . . . . . . . . . . . . . . . . . . . . . . . . . . . . Parts Fried 13 | . . . . . . . . 7 . . 1 . . . 2 . . . . . . . . . . 1 2 . . Impact Corruptions 14 | . . . . . . . . 7 . . . . . . 1 . . . . . . . . . . 2 3 1 . Robots Melted 1 | . . . 1 . . . . . . . . . . . . . . . . . . . . . . . . . . Combat Hostiles 1 | . . . 1 . . . . . . . . . . . . . . . . . . . . . . . . . . Parts Melted 18 | . . . 5 2 . 2 7 . . . . . 1 . . 1 . . . . . . . . . . . . . Heat Transferred 10285 | . 150 225 2109 259 . 185 5923 . . . . . . . 100 333 . 222 . 55 . . . . . 250 400 . 74 Parts Sabotaged . | . . . . . . . . . . . . . . . . . . . . . . . . . . . . . . Parts Stolen 1 | . . . . . . . . . . . . . . . . . . 1 . . . . . . . . . . . Parts Stripped . | . . . . . . . . . . . . . . . . . . . . . . . . . . . . . . Power Chain Reactions 2 | . . . 1 . . . . 1 . . . . . . . . . . . . . . . . . . . . . Latent Energy Used 132 | . . . . . . . . . . . . . 132 . . . . . . . . . . . . . . . . LE Corruption 4 | . . . . . . . . . . . . . 4 . . . . . . . . . . . . . . . . Alert | -11 -10 -10 -9 -9 -9 -8 -8 -7 -7 -7 -6 -6 -6 -6 -6 -5 -5 -5 -5 -4 -4 -4 -4 -4 -3 -3 -3 -2 -1 ------- Run | Yrd Mat Min Mat Min Exi Min Mat Fac Was Fac Fac Ext Cet Arc Hub Fac Upp Upp War Pro Fac Upp Upp Zhi Pro Res Qua Res Acc Peak Influence 1491 | 50 140 107 352 120 . 104 287 1174 410 1491 989 324 70 303 642 377 . . . . 918 . . . . 192 351 883 530 Initial 918 | . 32 7 10 15 . . 40 110 410 287 675 324 53 20 46 314 . . . . 918 . . . . . 54 15 376 Average 330 | 25 59 55 60 35 . 52 136 468 410 965 783 104 48 213 425 243 . . . . 823 . . . . 47 154 531 390 Maximum Alert Level 4 | . . . 1 . . . 1 4 2 4 3 1 . 1 2 1 . . . . 3 . . . . . 1 3 2 Low Security (%) 50 | 100 100 100 92 100 . 100 65 31 . . . 90 100 40 12 35 . . . . . . . . . 100 80 31 . Level 1 17 | . . . 7 . . . 34 9 . 14 . 9 . 59 35 64 . . . . . . . . . . 19 . 70 Level 2 16 | . . . . . . . . 40 100 9 22 . . . 51 . . . . . 18 . . . . . . 24 29 Level 3 11 | . . . . . . . . 11 . 37 77 . . . . . . . . . 81 . . . . . . 43 . Level 4 3 | . . . . . . . . 6 . 39 . . . . . . . . . . . . . . . . . . . Level 5 . | . . . . . . . . . . . . . . . . . . . . . . . . . . . . . . High Security . | . . . . . . . . . . . . . . . . . . . . . . . . . . . . . . Max Security . | . . . . . . . . . . . . . . . . . . . . . . . . . . . . . . Squads Dispatched 73 | . 1 . 1 . . . 4 27 . 8 4 . . . 5 6 . . . . . . . . . 4 4 2 7 Investigation 12 | . 1 . 1 . . . . 4 . 3 . . . . . 1 . . . . . . . . . . . . 2 Extermination 23 | . . . . . . . . 9 . 1 3 . . . 1 4 . . . . . . . . . 3 1 . 1 Reinforcement 23 | . . . . . . . 4 2 . 3 . . . . 4 1 . . . . . . . . . 1 3 2 3 Assault 4 | . . . . . . . . 3 . 1 . . . . . . . . . . . . . . . . . . . Garrison 11 | . . . . . . . . 9 . . 1 . . . . . . . . . . . . . . . . . 1 Intercept . | . . . . . . . . . . . . . . . . . . . . . . . . . . . . . . Searches Triggered 1 | . . . . . . . . . . . . . . . . . . . . . 1 . . . . . . . . Construction Impeded 6 | . . . . . . . 1 2 . 1 . . . . . . . . . . . . . . . 1 1 . . Haulers Reinforced 3 | . . . . . . . . . . . . . . . . 1 . . . . . . . . . . . 2 . Active Scanning Responses . | . . . . . . . . . . . . . . . . . . . . . . . . . . . . . . Cargo Convoy Interrupts 1 | . . . . . . . . 1 . . . . . . . . . . . . . . . . . . . . . Stealth | -11 -10 -10 -9 -9 -9 -8 -8 -7 -7 -7 -6 -6 -6 -6 -6 -5 -5 -5 -5 -4 -4 -4 -4 -4 -3 -3 -3 -2 -1 --------- Run | Yrd Mat Min Mat Min Exi Min Mat Fac Was Fac Fac Ext Cet Arc Hub Fac Upp Upp War Pro Fac Upp Upp Zhi Pro Res Qua Res Acc Distress Signals 25 | . 1 1 . . . . 3 3 . 1 1 2 1 . 1 1 . . 1 . . . . . . 1 . 7 1 Communications Jammed 3 | . . . . . . . . . . . . . . . . . . . . . . . . . . 3 . . . Distress Signals 3 | . . . . . . . . . . . . . . . . . . . . . . . . . . 3 . . . Times Spotted 416 | . 14 10 32 4 . 3 20 72 . 19 17 18 5 31 15 24 . 6 2 9 5 . 8 . 4 21 10 30 37 Peak Tracking Total 13 | . 3 6 7 4 . 3 5 6 . 5 3 4 5 1 3 9 . 4 1 2 3 . 4 . 3 8 3 10 13 Tactical Retreats 28 | . 1 . 2 . . . 1 7 . . . 1 . . . 4 . . . . 1 . . . . . . . 11 Traps | -11 -10 -10 -9 -9 -9 -8 -8 -7 -7 -7 -6 -6 -6 -6 -6 -5 -5 -5 -5 -4 -4 -4 -4 -4 -3 -3 -3 -2 -1 ------- Run | Yrd Mat Min Mat Min Exi Min Mat Fac Was Fac Fac Ext Cet Arc Hub Fac Upp Upp War Pro Fac Upp Upp Zhi Pro Res Qua Res Acc Traps Triggered 14 | . 1 . 1 . . . 2 9 . . . . . . . . . . . . . . . . . . 1 . . Indirectly . | . . . . . . . . . . . . . . . . . . . . . . . . . . . . . . Trap Hack Attempts . | . . . . . . . . . . . . . . . . . . . . . . . . . . . . . . Triggered . | . . . . . . . . . . . . . . . . . . . . . . . . . . . . . . Disarmed . | . . . . . . . . . . . . . . . . . . . . . . . . . . . . . . Reprogrammed . | . . . . . . . . . . . . . . . . . . . . . . . . . . . . . . Reused . | . . . . . . . . . . . . . . . . . . . . . . . . . . . . . . Traps Extracted . | . . . . . . . . . . . . . . . . . . . . . . . . . . . . . . Installed . | . . . . . . . . . . . . . . . . . . . . . . . . . . . . . . Triggered 26 | . . . . . . . . 1 . . . . . . . . . 1 23 1 . . . . . . . . . Machines | -11 -10 -10 -9 -9 -9 -8 -8 -7 -7 -7 -6 -6 -6 -6 -6 -5 -5 -5 -5 -4 -4 -4 -4 -4 -3 -3 -3 -2 -1 ---------- Run | Yrd Mat Min Mat Min Exi Min Mat Fac Was Fac Fac Ext Cet Arc Hub Fac Upp Upp War Pro Fac Upp Upp Zhi Pro Res Qua Res Acc Machines Disabled 67 | . 1 . 1 . . . 1 19 . 1 1 1 . 4 22 1 . . . . 2 . 2 . . 1 6 4 . Max in Single Turn 12 | . 1 . . . . . 1 11 . . . . . 1 12 1 . . . . . . 2 . . 1 3 4 . Garrison Access 9 | . . . . . . . . 1 . 1 2 . . . 1 1 . . . . 1 . . . . 1 . 1 . Network Hub 1 | . . . . . . . . . . . . . . . 1 . . . . . . . . . . . . . . Machines Repaired . | . . . . . . . . . . . . . . . . . . . . . . . . . . . . . . Machines Dismantled . | . . . . . . . . . . . . . . . . . . . . . . . . . . . . . . Machines Sabotaged . | . . . . . . . . . . . . . . . . . . . . . . . . . . . . . . Overloaded Fab Kills . | . . . . . . . . . . . . . . . . . . . . . . . . . . . . . . Hacking | -11 -10 -10 -9 -9 -9 -8 -8 -7 -7 -7 -6 -6 -6 -6 -6 -5 -5 -5 -5 -4 -4 -4 -4 -4 -3 -3 -3 -2 -1 --------- Run | Yrd Mat Min Mat Min Exi Min Mat Fac Was Fac Fac Ext Cet Arc Hub Fac Upp Upp War Pro Fac Upp Upp Zhi Pro Res Qua Res Acc Machines Accessed 138 | . 10 . 9 2 1 2 7 25 . 6 11 18 1 1 9 9 . . 3 . 3 . . 8 . 7 2 1 3 Terminals 85 | . 8 . 8 1 . 2 4 14 . 4 7 16 1 . 8 2 . . . . 1 . . . . 6 1 . 2 Fabricators 9 | . . . . . . . . 5 . 1 . . . . . 3 . . . . . . . . . . . . . Repair Stations 12 | . . . 1 . . . . 4 . . 1 1 . . . 2 . . . . 1 . . . . . 1 1 . Recycling Units 7 | . 2 . . . . . 1 1 . . 1 1 . . . . . . . . . . . . . . . . 1 Scanalyzers 2 | . . . . . . . 1 . . . . . . . . 1 . . . . . . . . . . . . . Garrison Access 9 | . . . . . . . 1 1 . 1 2 . . . 1 1 . . . . 1 . . . . 1 . . . Total Hacks 423 | . 25 . 26 3 1 8 15 67 . 15 29 55 3 7 34 28 . . 4 . 9 . . 47 . 29 5 3 10 Successful 243 | . 15 . 17 2 1 4 3 39 . 6 10 30 1 7 15 17 . . 4 . 5 . . 47 . 12 5 2 1 Failed 179 | . 10 . 9 1 . 4 12 28 . 9 19 24 2 . 19 11 . . . . 4 . . . . 17 . 1 9 Catastrophic 32 | . . . 3 . . . 3 6 . 2 2 4 . . . 2 . . . . 1 . . . . 4 . . 5 Database Lockouts 1 | . . . . . . . . . . . . 1 . . . . . . . . . . . . . . . . . Manual 168 | . 11 . 13 1 1 8 8 30 . 4 12 23 1 . 27 10 . . . . 1 . . . . 17 . . 1 Terminals 264 | . 22 . 19 2 . 8 9 36 . 11 24 52 3 . 33 9 . . . . 1 . . . . 26 1 . 8 Fabricators 21 | . . . . . . . . 11 . 3 . . . . . 7 . . . . . . . . . . . . . Repair Stations 49 | . . . 7 . . . . 17 . . 2 2 . . . 8 . . . . 6 . . . . . 4 3 . Recycling Units 11 | . 3 . . . . . 3 1 . . 1 1 . . . . . . . . . . . . . . . . 2 Scanalyzers 4 | . . . . . . . 1 . . . . . . . . 3 . . . . . . . . . . . . . Garrison Access 14 | . . . . . . . 2 2 . 1 2 . . . 1 1 . . . . 2 . . . . 3 . . . Terminal Hacks 144 | . 8 . 6 2 1 4 1 12 . 2 4 23 1 7 9 1 . . 4 . . . . 47 . 10 1 . 1 Record 45 | . . . . . . . . . . . . . . 7 . . . . 2 . . . . 35 . 1 . . . Part Schematic 13 | . . . 1 . . 4 . . . . . 1 . . . . . . . . . . . 4 . 3 . . . Robot Analysis 6 | . 2 . . . . . . . . . . . . . . . . . . . . . . 4 . . . . . Prototype ID Bank 12 | . 2 . . . . . . . . . . 5 . . . . . . . . . . . 4 . 1 . . . Open Door 13 | . . . . 1 . . . . . . . 8 1 . . . . . 2 . . . . . . . 1 . . Level Access Points 1 | . . . . . . . . 1 . . . . . . . . . . . . . . . . . . . . . Branch Access Points 2 | . . . . . . . . 1 . . 1 . . . . . . . . . . . . . . . . . . Terminal Index 8 | . 1 . 1 . . . 1 1 . 1 1 . . . 1 . . . . . . . . . . . . . 1 Fabricator Index 2 | . . . . . . . . 1 . . . . . . . . . . . . . . . . . 1 . . . Alert Level 6 | . . . . . . . . 2 . 1 1 . . . 1 . . . . . . . . . . 1 . . . Unreport Threat 15 | . 1 . 3 . . . . 2 . . 1 5 . . 2 . . . . . . . . . . 1 . . . Locate Traps 3 | . . . . . . . . . . . . 2 . . 1 . . . . . . . . . . . . . . Recall Investigation 1 | . 1 . . . . . . . . . . . . . . . . . . . . . . . . . . . . Recall Extermination 1 | . . . . . . . . 1 . . . . . . . . . . . . . . . . . . . . . Recall Reinforcements 1 | . . . . . . . . . . . . . . . 1 . . . . . . . . . . . . . . Registered Prototypes 1 | . 1 . . . . . . . . . . . . . . . . . . . . . . . . . . . . Zone Layout 13 | . . . 1 1 . . . 3 . . . 2 . . 3 1 . . . . . . . . . 2 . . . Derelict Proto ID Bank 1 | . . . . . 1 . . . . . . . . . . . . . . . . . . . . . . . . Fabricator Hacks 8 | . . . . . . . . 2 . 3 . . . . . 3 . . . . . . . . . . . . . Network Status 2 | . . . . . . . . . . 1 . . . . . 1 . . . . . . . . . . . . . Load Schematic 4 | . . . . . . . . 2 . 1 . . . . . 1 . . . . . . . . . . . . . Build 2 | . . . . . . . . . . 1 . . . . . 1 . . . . . . . . . . . . . Repair Station Hacks 42 | . . . 7 . . . . 15 . . 1 2 . . . 7 . . . . 4 . . . . . 4 2 . Scan Component 23 | . . . 4 . . . . 8 . . 1 1 . . . 4 . . . . 2 . . . . . 2 1 . Repair 19 | . . . 3 . . . . 7 . . . 1 . . . 3 . . . . 2 . . . . . 2 1 . Recycling Unit Hacks 5 | . 1 . . . . . 1 1 . . 1 1 . . . . . . . . . . . . . . . . . Retrieve Components 5 | . 1 . . . . . 1 1 . . 1 1 . . . . . . . . . . . . . . . . . Scanalyzer 4 | . . . . . . . 1 . . . . . . . . 3 . . . . . . . . . . . . . Insert Component 3 | . . . . . . . 1 . . . . . . . . 2 . . . . . . . . . . . . . Analyze 1 | . . . . . . . . . . . . . . . . 1 . . . . . . . . . . . . . Garrison Access Hacks 8 | . . . . . . . . 1 . 1 2 . . . 1 1 . . . . 1 . . . . 1 . . . Seal Access 8 | . . . . . . . . 1 . 1 2 . . . 1 1 . . . . 1 . . . . 1 . . . Unauthorized Hacks 32 | . 6 . 4 . . . . 8 . . 2 4 . . 5 2 . . . . . . . . . 1 . . . Terminals 30 | . 6 . 4 . . . . 7 . . 2 4 . . 5 1 . . . . . . . . . 1 . . . Track 4 | . . . . . . . . 2 . . . . . . 2 . . . . . . . . . . . . . . Assimilate 10 | . 3 . 3 . . . . 3 . . 1 . . . . . . . . . . . . . . . . . . Botnet 9 | . 2 . . . . . . 1 . . 1 2 . . 1 1 . . . . . . . . . 1 . . . Disrupt 4 | . . . . . . . . . . . . 2 . . 2 . . . . . . . . . . . . . . Operators 3 | . 1 . 1 . . . . 1 . . . . . . . . . . . . . . . . . . . . . Fabricators 2 | . . . . . . . . 1 . . . . . . . 1 . . . . . . . . . . . . . Fabnet 2 | . . . . . . . . 1 . . . . . . . 1 . . . . . . . . . . . . . Repair Stations . | . . . . . . . . . . . . . . . . . . . . . . . . . . . . . . Recycling Units . | . . . . . . . . . . . . . . . . . . . . . . . . . . . . . . Scanalyzers . | . . . . . . . . . . . . . . . . . . . . . . . . . . . . . . Garrison Access . | . . . . . . . . . . . . . . . . . . . . . . . . . . . . . . Data Cores Recovered 5 | . . . 1 . . . . . . . 1 . . . 1 . . . . . . . . . . 2 . . . Used 1 | . . . . . . . . . . . . . . . . . . . . . . . . . . 1 . . . Hacking Detections 99 | . 9 . 8 1 . 2 5 23 . 5 8 9 . . 8 7 . . . . 2 . . . . 7 1 1 3 Full Trace Events 9 | . . . 1 . . . . 3 . 2 . . . . . 1 . . . . . . . . . . . . 2 Feedback Events 1 | . . . . . . . . 1 . . . . . . . . . . . . . . . . . . . . . Hackware Fried 1 | . . . . . . . . 1 . . . . . . . . . . . . . . . . . . . . . Feedback Blocked . | . . . . . . . . . . . . . . . . . . . . . . . . . . . . . . Robot Schematics Acquired 2 | . . . . . . . . . . . . . . . . . . . . . . . . . . . 2 . . Robots Built . | . . . . . . . . . . . . . . . . . . . . . . . . . . . . . . Authchips . | . . . . . . . . . . . . . . . . . . . . . . . . . . . . . . Time . | . . . . . . . . . . . . . . . . . . . . . . . . . . . . . . Total Robot Build Rating . | . . . . . . . . . . . . . . . . . . . . . . . . . . . . . . Part Schematics Acquired 17 | . . . 1 . . 4 . . . . . 1 . . . 1 . . . . . . . 4 . 3 3 . . Parts Built 2 | . . . . . . . . . . 1 . . . . . 1 . . . . . . . . . . . . . Authchips . | . . . . . . . . . . . . . . . . . . . . . . . . . . . . . . Time 131 | . . . . . . . . . . 73 . . . . . 58 . . . . . . . . . . . . . Total Part Build Rating 10 | . . . . . . . . . . 3 . . . . . 7 . . . . . . . . . . . . . Parts Repaired 19 | . . . 3 . . . . 7 . . . 1 . . . 3 . . . . 2 . . . . . 2 1 . Time 916 | . . . 90 . . . . 298 . . . 44 . . . 152 . . . . 170 . . . . . 108 54 . Parts Recycled . | . . . . . . . . . . . . . . . . . . . . . . . . . . . . . . Recycled Matter . | . . . . . . . . . . . . . . . . . . . . . . . . . . . . . . Retrieved Matter . | . . . . . . . . . . . . . . . . . . . . . . . . . . . . . . Retrieved Components 34 | . 2 . . . . . 2 10 . . 10 10 . . . . . . . . . . . . . . . . . Parts Scanalyzed 1 | . . . . . . . . . . . . . . . . 1 . . . . . . . . . . . . . Part Schematics Acquired 1 | . . . . . . . . . . . . . . . . 1 . . . . . . . . . . . . . Parts Damaged . | . . . . . . . . . . . . . . . . . . . . . . . . . . . . . . Bothacking | -11 -10 -10 -9 -9 -9 -8 -8 -7 -7 -7 -6 -6 -6 -6 -6 -5 -5 -5 -5 -4 -4 -4 -4 -4 -3 -3 -3 -2 -1 ------------ Run | Yrd Mat Min Mat Min Exi Min Mat Fac Was Fac Fac Ext Cet Arc Hub Fac Upp Upp War Pro Fac Upp Upp Zhi Pro Res Qua Res Acc Used RIF Installer . | . . . . . . . . . . . . . . . . . . . . . . . . . . . . . . Robots Hacked 7 | . . . . . . . . . . . . 2 . . . 1 . 1 . . 1 1 . . . . 1 . . Non-combat . | . . . . . . . . . . . . . . . . . . . . . . . . . . . . . . Combat 7 | . . . . . . . . . . . . 2 . . . 1 . 1 . . 1 1 . . . . 1 . . Robot Hacks Applied . | . . . . . . . . . . . . . . . . . . . . . . . . . . . . . . Relay Couplers Released 1 | . . . . . . . . . . . . . . . . . . . . . . . . . . . . 1 . Machine Destruction 1 | . . . . . . . . . . . . . . . . . . . . . . . . . . . . 1 . Fabnet Peak Effective % 3 | . . . . . . . . . . . 3 3 3 3 3 1 1 1 1 3 3 3 3 3 1 1 1 . . Autooverrided 7 | . . . . . . . . . . . . 2 . . . 1 . 1 . . 1 1 . . . . 1 . . Robots Rewired 13 | . . . . . . . . . . . . 8 . . . . . . 5 . . . . . . . . . . Allies Hacked 1 | . . . . . . . . . . . 1 . . . . . . . . . . . . . . . . . . Hacks Repelled . | . . . . . . . . . . . . . . . . . . . . . . . . . . . . . . Allies | -11 -10 -10 -9 -9 -9 -8 -8 -7 -7 -7 -6 -6 -6 -6 -6 -5 -5 -5 -5 -4 -4 -4 -4 -4 -3 -3 -3 -2 -1 -------- Run | Yrd Mat Min Mat Min Exi Min Mat Fac Was Fac Fac Ext Cet Arc Hub Fac Upp Upp War Pro Fac Upp Upp Zhi Pro Res Qua Res Acc Total Allies 85 | . 1 3 1 . . . . 1 20 . 1 22 5 . . 1 . 1 5 . 1 1 . . . . 1 . 21 Largest Group 20 | . 1 4 1 1 1 1 1 1 20 20 9 10 10 7 6 1 . 1 5 3 2 1 . . . . . . 8 Highest-Rated Group 659 | . 10 48 16 10 10 10 10 26 475 475 287 418 659 659 500 54 . 29 265 169 114 12 . . . . . . 115 Highest-Rated Ally 159 | . 10 16 16 10 10 10 10 26 35 35 35 159 159 159 96 54 . 29 65 65 58 12 . . . . . . 15 Total Orders 28 | . 5 6 2 2 . 1 2 . . . 2 . . 2 1 . . . . . . 2 . . . . 2 1 . STAY 11 | . 3 2 1 1 . . 1 . . . 1 . . 1 1 . . . . . . . . . . . . . . ROAM 1 | . . 1 . . . . . . . . . . . . . . . . . . . . . . . . . . . FOLLOW 11 | . 2 3 1 1 . 1 1 . . . 1 . . 1 . . . . . . . . . . . . . . . EXPLORE 1 | . . . . . . . . . . . . . . . . . . . . . . 1 . . . . . . . RETURN 4 | . . . . . . . . . . . . . . . . . . . . . . 1 . . . . 2 1 . Ally Attacks 539 | . . 14 2 . . . . . . 144 84 88 33 24 48 4 . . 19 . 3 4 . . . . 8 6 58 Total Damage 13224 | . . 163 14 . . . . . . 3725 2075 1610 769 801 2024 226 . . 582 . 92 12 . . . . . . 1131 Kills 98 | . . 2 . . . . . . . 37 16 11 5 4 14 1 . . 1 . . . . . . . . . 7 Allies Corrupted 1 | . . . . . . . . . . . 1 . . . . . . . . . . . . . . . . . . Allies Melted 1 | . . . . . . . . . . . . . . . . . . . 1 . . . . . . . . . . Intel | -11 -10 -10 -9 -9 -9 -8 -8 -7 -7 -7 -6 -6 -6 -6 -6 -5 -5 -5 -5 -4 -4 -4 -4 -4 -3 -3 -3 -2 -1 ------- Run | Yrd Mat Min Mat Min Exi Min Mat Fac Was Fac Fac Ext Cet Arc Hub Fac Upp Upp War Pro Fac Upp Upp Zhi Pro Res Qua Res Acc Robot Analysis Total 6 | . 2 . . . . . . . . . . . . . . . . . . . . . . 4 . . . . . Derelict Logs Recovered 9 | . . 1 . 2 . . . . . . . . . . . . 1 1 . 1 . 2 1 . . . . . . Drone Launches 30 | . . . . . . . . . . . . . . . . . . . . . . 8 . . . . 14 8 . Drone Recoveries 14 | . . . . . . . . . . . . . . . . . . . . . . 6 . . . . 6 2 . Exploration | -11 -10 -10 -9 -9 -9 -8 -8 -7 -7 -7 -6 -6 -6 -6 -6 -5 -5 -5 -5 -4 -4 -4 -4 -4 -3 -3 -3 -2 -1 ------------- Run | Yrd Mat Min Mat Min Exi Min Mat Fac Was Fac Fac Ext Cet Arc Hub Fac Upp Upp War Pro Fac Upp Upp Zhi Pro Res Qua Res Acc Turns Passed 32649 | 278 964 499 2106 462 558 189 2326 6118 307 1559 1394 1105 349 495 964 2412 275 424 1484 726 490 1528 657 209 517 1957 948 821 528 Spaces Moved 19250 | 165 693 382 999 391 501 151 1153 3293 229 638 898 616 179 246 561 1184 221 257 1129 499 272 518 528 165 429 1202 527 516 708 Core 582 | 12 . . . . . . . . . . . . . . . . . . . . . . . . . . . . 570 Treads . | . . . . . . . . . . . . . . . . . . . . . . . . . . . . . . Legs 11459 | . . . 253 . . . 31 696 . 394 898 616 179 246 561 1184 221 257 1129 499 272 518 528 165 429 1202 527 516 138 Wheels 7209 | 153 693 382 746 391 501 151 1122 2597 229 244 . . . . . . . . . . . . . . . . . . . Hover . | . . . . . . . . . . . . . . . . . . . . . . . . . . . . . . Flight . | . . . . . . . . . . . . . . . . . . . . . . . . . . . . . . Fastest Speed 50 | 50 100 115 105 110 110 110 110 110 130 130 128 125 125 125 115 114 116 116 115 116 116 116 116 116 116 110 110 111 50 Average Speed 124 | 102 114 115 152 110 110 110 122 140 130 218 128 126 125 125 119 115 116 116 116 116 116 116 116 116 116 114 112 115 62 Slowest Speed 470 | 250 115 115 260 110 110 110 340 470 130 400 128 128 125 125 125 120 116 116 120 116 120 116 116 116 116 116 116 116 120 Overloaded Moves . | . . . . . . . . . . . . . . . . . . . . . . . . . . . . . . Propulsion Burnouts . | . . . . . . . . . . . . . . . . . . . . . . . . . . . . . . Robots Hopped . | . . . . . . . . . . . . . . . . . . . . . . . . . . . . . . Cave-ins Triggered . | . . . . . . . . . . . . . . . . . . . . . . . . . . . . . . Teleports 1 | . . . . . . . . . . . . . . . . . . . . . . . . . . . . 1 . Exploration Rate (%) 53 | 6 94 76 60 71 91 25 67 54 80 16 23 74 69 87 49 18 60 43 97 65 5 61 82 63 67 25 26 25 20 Regions Visited 29 Branch Regions 17 Pre-discovered Areas 4 | . . . . 1 . . . . . . . . . . . . . . . . . . . 3 . . . . . Known Exits Taken 19 | . . . . . . . . . . 1 1 1 1 1 1 1 1 1 1 1 1 1 1 1 1 1 1 1 . Unknown Exits Taken 8 | 1 1 1 1 1 1 1 1 . . . . . . . . . . . . . . . . . . . . . . Scrap Searched 15 | . . 1 . 2 . . . . . . . . . . . . 1 3 . 3 . 2 1 . 2 . . . . Spaces Dug 119 | . . 23 1 . . . 5 19 . 1 2 . . . 14 20 . . 1 1 4 2 3 . . 20 2 . 1 Terrain Destroyed 2085 | . 33 23 15 11 . 31 7 242 . 1 2 45 . 3 240 39 . 41 2 34 6 11 93 . 93 121 58 930 4 Melee 49 | . . . 1 . . . 1 17 . 1 2 . . . . 10 . . . . . . . . . 15 2 . . Projectile 247 | . . . . . . . 6 8 . . . 1 . 3 26 28 . 1 2 34 6 11 5 . . 62 39 11 4 AOE 1786 | . 33 23 14 11 . 31 . 217 . . . 44 . . 214 . . 40 . . . . 88 . 93 44 16 918 . Terrain Rammed . | . . . . . . . . . . . . . . . . . . . . . . . . . . . . . . Walls Destroyed . | . . . . . . . . . . . . . . . . . . . . . . . . . . . . . . Machines Disabled . | . . . . . . . . . . . . . . . . . . . . . . . . . . . . . . Actions | -11 -10 -10 -9 -9 -9 -8 -8 -7 -7 -7 -6 -6 -6 -6 -6 -5 -5 -5 -5 -4 -4 -4 -4 -4 -3 -3 -3 -2 -1 --------- Run | Yrd Mat Min Mat Min Exi Min Mat Fac Was Fac Fac Ext Cet Arc Hub Fac Upp Upp War Pro Fac Upp Upp Zhi Pro Res Qua Res Acc Total 26400 | 222 815 418 1381 407 510 165 1925 4521 242 798 1123 895 297 356 785 2037 238 359 1310 558 437 1435 563 185 444 1707 784 702 781 Wait 5019 | 12 54 19 171 4 2 8 579 873 2 135 162 155 105 52 143 681 12 81 99 13 153 889 13 . 8 350 128 90 26 Move 19223 | 164 692 381 998 390 500 150 1152 3293 228 637 897 615 178 245 560 1183 220 256 1128 498 271 517 527 164 428 1201 526 516 708 Hop . | . . . . . . . . . . . . . . . . . . . . . . . . . . . . . . Pick Up 220 | 9 21 2 19 1 3 . 19 31 3 1 14 6 2 3 2 21 1 1 11 1 . 4 1 2 1 16 14 8 3 Fast Attach 123 | 8 1 . 18 . . . 9 18 3 3 4 . 1 2 2 1 . . 9 . 2 . 3 8 . 5 3 17 6 Attach 100 | . . . 9 . . . 7 11 . . 4 2 . 1 1 13 . 2 3 . 2 5 2 . . 4 11 12 11 Detach 44 | . . . 2 . . . . 4 . 2 3 . . 1 . 1 . . 3 . . 2 2 . . 1 6 9 8 Swap 315 | . 6 2 21 2 1 2 19 75 1 7 8 24 3 7 12 23 4 5 11 2 2 4 1 1 2 33 22 14 1 Drop 290 | 2 11 2 34 2 4 . 27 39 5 8 15 12 2 5 9 10 1 . 29 1 . 3 4 10 1 22 10 18 4 Fire 904 | 27 30 12 102 8 . 5 112 149 . 4 14 24 6 40 53 92 . 14 2 43 7 11 10 . 4 51 59 17 8 Melee 77 | . . . 7 . . . 1 27 . 1 2 . . . . 11 . . . . . . . . . 22 5 1 . Ram 3 | . . . . . . . . . . . . . . . . . . . . . . . . . . . . . 3 Kick 10 | . . . . . . . . 1 . . . . . . 3 1 . . . . . . . . . 2 . . 3 Crush . | . . . . . . . . . . . . . . . . . . . . . . . . . . . . . . Escape Stasis . | . . . . . . . . . . . . . . . . . . . . . . . . . . . . . . Rewire 72 | . . . . . . . . . . . . 57 . . . . . . 15 . . . . . . . . . . Trap . | . . . . . . . . . . . . . . . . . . . . . . . . . . . . . . Miscellaneous . | . . . . . . . . . . . . . . . . . . . . . . . . . . . . . . Route ------- -11/Scrapyard -10/Materials (discovered 4 exits: *Mat x3 / [*Min]) -10/Mines -9/Materials (discovered 4 exits: *Mat x2 / *Min / [*Sto]) -9/Mines (discovered 2 exits: *Mat / *Exi) -9/Exiles -8/Mines -8/Materials (discovered 2 exits: *Fac x2) -7/Factory (discovered 6 exits: Fac x4 / Low x2) -7/Waste -7/Factory (discovered 2 exits: *Fac / *Low) -6/Factory (discovered 4 exits: *Low x2 / *Ext x2) -6/Extension (discovered 2 exits: *Fac / *Cet) -6/Cetus -6/Archives (discovered 3 exits: *Fac / *Hub x2) -6/Hub_04(d) -5/Factory -5/Upper Caves -5/Upper Caves -5/Warlord -4/Proximity Caves -4/Factory -4/Upper Caves -4/Upper Caves (discovered 2 exits: *Res / *Zhi) -4/Zhirov -3/Proximity Caves -3/Research (discovered 2 exits: Res / *Qua) -3/Quarantine -2/Research -1/Access History --------- Turn | Location | Event 27 | -11/Scrapyard | Discovered new exit (range 16) 279 | -11/Scrapyard | Entered Materials 309 | -10/Materials | Build established: Mutant 477 | -10/Materials | Discovered new exit (range 14) 729 | -10/Materials | Discovered new exit (range 3) 1051 | -10/Materials | Discovered new exit (range 16) 1174 | -10/Materials | Discovered new exit (range 6) 1243 | -10/Materials | Entered Mines 1243 | -10/Mines | Accompanied by 1 ally 1301 | -10/Mines | Received a Rocket Launcher from a helpful Derelict 1347 | -10/Mines | Learned Materials stockpile data 1349 | -10/Mines | Discovered new exit (range 10) 1642 | -10/Mines | A weapon hastily lodged in a ceiling crevice suddenly fell to the ground 1699 | -10/Mines | Assembled infested the area 1704 | -10/Mines | Assisted by a Guerilla fighting off Assembled 1730 | -10/Mines | Assisted by bots powering up and referring to "LRC-V3" 1742 | -10/Mines | Entered Materials 1742 | -9/Materials | Accompanied by 1 ally 1742 | -9/Materials | Evolved 2 slots: Utility x2 1958 | -9/Materials | Lost 3 parts (2n1w) 2115 | -9/Materials | Discovered new exit (range 7) 2249 | -9/Materials | Discovered new exit (range 10) 2251 | -9/Materials | Build established: Scavenger-Mutant 2525 | -9/Materials | Core integrity fell below 50% 2599 | -9/Materials | Lost 6 parts (1p2n1u2w) 2698 | -9/Materials | Discovered new exit (range 4) 2799 | -9/Materials | Discovered new exit (range 11) 3551 | -9/Materials | Repaired Imp. Aluminum Leg 3584 | -9/Materials | Repaired Beam Rifle 3612 | -9/Materials | Repaired Heat Sink 3848 | -9/Materials | Entered Mines 3848 | -9/Mines | Accompanied by 1 ally 3927 | -9/Mines | Met a Derelict bent on vengeance 4089 | -9/Mines | Learned Materials emergency access door positions 4115 | -9/Mines | Learned location of Storage (-9) 4194 | -9/Mines | Found the Drone Emporium 4200 | -9/Mines | Found Prototype Device 4230 | -9/Mines | Discovered new exit (range 10) 4239 | -9/Mines | Discovered new exit (range 15) 4303 | -9/Mines | Deemed a non-threat by the Exiles lab entrance 4310 | -9/Mines | Entered Exiles 4310 | -9/Exiles | Accompanied by 1 ally 4337 | -9/Exiles | Met 8R-AWN 4356 | -9/Exiles | Met EX-HEX 4385 | -9/Exiles | Met EX-BIN 4401 | -9/Exiles | Aligned with FarCom system 4402 | -9/Exiles | Given EX-Vault access code 4428 | -9/Exiles | Opened EX-Vault 4436 | -9/Exiles | Found Latent Energy Streamer 4442 | -9/Exiles | Found Gui. Plasma Cannon 4467 | -9/Exiles | Warned to stay clear of 0b10 Research branches 4572 | -9/Exiles | Met EX-DEC 4641 | -9/Exiles | Visited The Gauntlet 4853 | -9/Exiles | Discovered new exit (range 14) 4868 | -9/Exiles | Stole two prototypes: Latent Energy Streamer, Gui. Plasma Cannon 4868 | -9/Exiles | Entered Mines 4868 | -8/Mines | Accompanied by 1 ally 5039 | -8/Mines | Discovered new exit (range 5) 5057 | -8/Mines | Entered Materials 5057 | -8/Materials | Accompanied by 1 ally 5057 | -8/Materials | Evolved 2 slots: Propulsion x2 5766 | -8/Materials | Lost 5 parts (1p1n2u1w) 6634 | -8/Materials | Identified Bomb Drone Bay 7077 | -8/Materials | Discovered new exit (range 5) 7330 | -8/Materials | Discovered new exit (range 5) 7383 | -8/Materials | Entered Factory 7383 | -7/Factory | Evolved 2 slots: Utility x2 7385 | -7/Factory | FarCom data flow suspended 7436 | -7/Factory | Repaired Reflective Plating 7683 | -7/Factory | Build established: Hacker-Mutant 7941 | -7/Factory | Identified exit to Lower Caves 8298 | -7/Factory | Garrison activated, responded to threat 8797 | -7/Factory | Build established: Scavenger-Mutant 8892 | -7/Factory | Found Prototype Launcher 8892 | -7/Factory | Identified Rocket Array 9014 | -7/Factory | Cargo convoy interrupted 9647 | -7/Factory | Repaired System Restoration Module 9696 | -7/Factory | Repaired Imp. Titanium Leg 9813 | -7/Factory | Repaired Myomer Leg 9858 | -7/Factory | Repaired Imp. Carbon-fiber Leg 9961 | -7/Factory | Hacking Suite fried by hacking feedback 10876 | -7/Factory | Repaired System Restoration Module 11116 | -7/Factory | Build established: Hacker-Mutant 11184 | -7/Factory | Identified exit to Factory 11262 | -7/Factory | Garrison activated, responded to threat 11684 | -7/Factory | Build established: Scavenger-Mutant 11999 | -7/Factory | Build established: Hacker-Mutant 12625 | -7/Factory | First assault squad dispatched 12916 | -7/Factory | Garrison activated, responded to threat 12982 | -7/Factory | Lost 4 parts (1p2u1w) 13284 | -7/Factory | Build established: Scavenger-Mutant 13294 | -7/Factory | Repaired Imp. Carbon-fiber Leg 13501 | -7/Factory | Sucked down chute 13501 | -7/Factory | Entered Waste 13502 | -7/Waste | Joined by Warlord forces that had cleared the area 13690 | -7/Waste | Discovered new exit (range 16) 13801 | -7/Waste | Identified exit to Factory 13808 | -7/Waste | Entered Factory 13808 | -7/Factory | Accompanied by 20 allies 13980 | -7/Factory | Fabricated Hacking Suite (x1) 14118 | -7/Factory | Lost 4 allies 14203 | -7/Factory | Lost 3 allies 14269 | -7/Factory | Build established: Hacker-Mutant 14279 | -7/Factory | Discovered exit to Lower Caves (range 3) 14383 | -7/Factory | Discovered exit to Factory (range 15) 14608 | -7/Factory | First assault squad dispatched 15367 | -7/Factory | Entered another Factory area 15367 | -6/Factory | Accompanied by 9 allies 15367 | -6/Factory | Evolved 2 slots: Propulsion x2 15931 | -6/Factory | Garrison activated, responded to threat 16056 | -6/Factory | Lost 3 allies 16247 | -6/Factory | Identified exit to Lower Caves 16247 | -6/Factory | Identified exit to Extension 16761 | -6/Factory | Entered Extension 16869 | -6/Extension | Rescued a captive Derelict 16870 | -6/Extension | Rescued a captive Derelict 16941 | -6/Extension | Rescued a captive Derelict 16942 | -6/Extension | Rescued a captive Derelict 16979 | -6/Extension | Lost 3 allies 17071 | -6/Extension | Repaired Lyr. Light Armor Plating 17427 | -6/Extension | Rescued a captive Derelict 17431 | -6/Extension | Spotted B-75 Beast 17443 | -6/Extension | Spotted B-75 Beast 17498 | -6/Extension | Lost 3 allies 17604 | -6/Extension | Central database locked down 17627 | -6/Extension | Rescued a captive Derelict 17628 | -6/Extension | Rescued a captive Derelict 17643 | -6/Extension | Rescued A7 17667 | -6/Extension | Rescued a captive Derelict 17766 | -6/Extension | Rescued a captive Derelict 17792 | -6/Extension | Rescued a captive Derelict 17793 | -6/Extension | Rescued a captive Derelict 17847 | -6/Extension | Discovered new exit (range 10) 17848 | -6/Extension | Discovered new exit (range 6) 17859 | -6/Extension | Identified exit to Cetus 17866 | -6/Extension | Entered Cetus 17866 | -6/Cetus | Accompanied by 10 allies (A7) 17871 | -6/Cetus | Acquired a Cetus Manufacturing Module code from A7 17897 | -6/Cetus | Spotted Cetus Guard 17897 | -6/Cetus | Spotted Cetus Guard 17898 | -6/Cetus | Spotted Cetus Guard 17905 | -6/Cetus | Allies destroyed Cetus Guard 17908 | -6/Cetus | Spotted Cetus Guard 17916 | -6/Cetus | Allies destroyed Cetus Guard 17922 | -6/Cetus | Allies destroyed Cetus Guard 17924 | -6/Cetus | Destroyed Cetus Guard 17954 | -6/Cetus | Lost 8 allies 18002 | -6/Cetus | Started Cetus Manufacturing Module 18011 | -6/Cetus | Escorted A7 to Cetus Mainframe 18027 | -6/Cetus | Manufactured an Enhanced Grunt 18031 | -6/Cetus | Discovered new exit (range 15) 18049 | -6/Cetus | Identified exit to Archives 18052 | -6/Cetus | Manufactured an Enhanced Grunt 18077 | -6/Cetus | Manufactured an Enhanced Grunt 18102 | -6/Cetus | Manufactured an Enhanced Grunt 18127 | -6/Cetus | Manufactured an Enhanced Grunt 18215 | -6/Cetus | Entered Archives 18215 | -6/Archives | Accompanied by 7 allies (A7) 18220 | -6/Archives | Received a hacking code to weaken MAIN.C 18292 | -6/Archives | Discovered new exit (range 14) 18308 | -6/Archives | Discovered new exit (range 16) 18417 | -6/Archives | Discovered new exit (range 15) 18679 | -6/Archives | Unable to access archive contents 18702 | -6/Archives | Identified exit to Hub_04(d) 18710 | -6/Archives | Entered Hub_04(d) 18710 | -6/Hub_04(d) | Accompanied by 6 allies 18852 | -6/Hub_04(d) | Build established: Scavenger-Skirmisher 19092 | -6/Hub_04(d) | Discovered new exit (range 5) 19097 | -6/Hub_04(d) | Identified exit to Factory 19551 | -6/Hub_04(d) | Network Hub disabled 19556 | -6/Hub_04(d) | System corruption reached 10% 19674 | -6/Hub_04(d) | Entered Factory 19674 | -5/Factory | Evolved 2 slots: Power x1, Weapon x1 20196 | -5/Factory | Lost 3 parts (1p2n) 20551 | -5/Factory | System corruption reached 10% 20575 | -5/Factory | Lost 5 parts (1p2n2w) 20662 | -5/Factory | Build established: Scavenger-Mutant 21069 | -5/Factory | Repaired Enh. Flexi-carbon Leg 21218 | -5/Factory | Repaired Centrium Medium Armor Plating 21316 | -5/Factory | Repaired Centrium Medium Armor Plating 21442 | -5/Factory | Build established: Scavenger-Assassin 21760 | -5/Factory | Fabricated Lrn. Terrain Scanner? 21815 | -5/Factory | Discovered new exit (range 6) 21821 | -5/Factory | Identified exit to Upper Caves 22086 | -5/Factory | Entered Upper Caves 22145 | -5/Upper Caves | Learned location of 1 exit from Factory 22342 | -5/Upper Caves | Discovered new exit (range 10) 22351 | -5/Upper Caves | Identified exit to Upper Caves 22361 | -5/Upper Caves | Entered another Upper Caves area 22361 | -5/Upper Caves | Spotted YT-6F5(f) 22362 | -5/Upper Caves | Latent Energy Streamer stolen by Master Thief 22363 | -5/Upper Caves | Encountered a Master Thief 22634 | -5/Upper Caves | Identified exit to Warlord 22659 | -5/Upper Caves | Encountered a Warlord checkpoint 22785 | -5/Upper Caves | Entered Warlord 22839 | -5/Warlord | Build established: Scavenger-Skirmisher 22850 | -5/Warlord | Discovered new exit (range 15) 22889 | -5/Warlord | Identified exit to Proximity Caves 23014 | -5/Warlord | Opened side exit 23407 | -5/Warlord | Warlord's base attacked by MAIN.C 23493 | -5/Warlord | Found Prototype Launcher 23493 | -5/Warlord | Identified Vortex Catalyst Activator 23496 | -5/Warlord | Found Prototype Energy Gun 23496 | -5/Warlord | Identified Vortex Rail 23511 | -5/Warlord | Found Vortex Rail 23737 | -5/Warlord | Met Warlord 23757 | -5/Warlord | Warlord forces counterattacked 23965 | -5/Warlord | Lost 3 allies 24063 | -5/Warlord | Spotted B-75 Beast 24082 | -5/Warlord | Warlord base infiltrated, sounded retreat 24269 | -5/Warlord | Entered Proximity Caves 24269 | -4/Proximity Caves | Accompanied by 3 allies 24436 | -4/Proximity Caves | Learned Research terminal intel 24536 | -4/Proximity Caves | Spotter reported a threat 24629 | -4/Proximity Caves | Spotter reported a threat 24702 | -4/Proximity Caves | Spotter reported a threat 24755 | -4/Proximity Caves | Spotter reported a threat 24770 | -4/Proximity Caves | Spotter reported a threat 24812 | -4/Proximity Caves | Spotter reported a threat 24889 | -4/Proximity Caves | Spotter reported a threat 24972 | -4/Proximity Caves | Discovered new exit (range 14) 24988 | -4/Proximity Caves | Identified exit to Factory 24995 | -4/Proximity Caves | Entered Factory 24995 | -4/Factory | Accompanied by 1 ally 24995 | -4/Factory | Evolved 2 slots: Utility x2 24996 | -4/Factory | Identified exit to Upper Caves 25239 | -4/Factory | Repaired Enh. Biometal Leg 25245 | -4/Factory | Search patrols dispatched 25303 | -4/Factory | Repaired Myomer Leg 25485 | -4/Factory | Entered Upper Caves 25513 | -4/Upper Caves | Learned location of 1 exit from Research 25718 | -4/Upper Caves | Learned location of 1 exit from Research 26998 | -4/Upper Caves | Discovered new exit (range 13) 27012 | -4/Upper Caves | Identified exit to Upper Caves 27013 | -4/Upper Caves | Entered another Upper Caves area 27069 | -4/Upper Caves | Discovered new exit (range 5) 27074 | -4/Upper Caves | Identified exit to Research 27317 | -4/Upper Caves | Encountered a Warlord checkpoint 27324 | -4/Upper Caves | Learned Research trap positions 27535 | -4/Upper Caves | Destroyed 12 combat bots 27622 | -4/Upper Caves | Discovered new exit (range 14) 27636 | -4/Upper Caves | Identified exit to Zhirov 27670 | -4/Upper Caves | Entered Zhirov 27670 | -4/Zhirov | Discovered new exit (range 3) 27691 | -4/Zhirov | Met Zhirov 27713 | -4/Zhirov | Learned location of Quarantine (-3) 27713 | -4/Zhirov | Learned location of Testing (-2) 27713 | -4/Zhirov | Learned location of Command (-1) 27735 | -4/Zhirov | Zhirov requested help retrieving the SGEMP Prototype 27816 | -4/Zhirov | Found Alien Artifact 27816 | -4/Zhirov | Identified Integrated Reactor 27816 | -4/Zhirov | Installed Integrated Reactor, increased core energy generation (+10) 27832 | -4/Zhirov | Found Alien Artifact 27878 | -4/Zhirov | Identified exit to Proximity Caves 27879 | -4/Zhirov | Entered Proximity Caves 27995 | -3/Proximity Caves | Spotted B-86 Titan 28291 | -3/Proximity Caves | Discovered exit to Research (range 6) 28396 | -3/Proximity Caves | Entered Research 28396 | -3/Research | Evolved 2 slots: Utility x2 28397 | -3/Research | Identified exit to Research 28397 | -3/Research | Identified exit to Quarantine 28398 | -3/Research | Loaded intel: 84 trap records 28399 | -3/Research | Loaded intel: 24 terminal locations 28791 | -3/Research | Build established: Hacker-Assassin 29835 | -3/Research | Spotted B-86 Titan 30353 | -3/Research | Entered Quarantine 30441 | -3/Quarantine | Repaired Centrium Medium Armor Plating 30496 | -3/Quarantine | Repaired Centrium Medium Armor Plating 30514 | -3/Quarantine | Spotted Alpha 7 30578 | -3/Quarantine | Destroyed Alpha 7 30587 | -3/Quarantine | Found Alien Launcher 30621 | -3/Quarantine | Cryocooling Duct disabled 30623 | -3/Quarantine | Scanned by Researcher 30636 | -3/Quarantine | Ambient heat levels rising (+20) 30636 | -3/Quarantine | Non-combat units ordered to evacuate 30670 | -3/Quarantine | Lost 3 parts (1n1u1w) 30682 | -3/Quarantine | Found Alien Artifact 30682 | -3/Quarantine | Identified Core Reset Matrix 30682 | -3/Quarantine | Identified Transdimensional Reconstructor 30682 | -3/Quarantine | Identified Sigix Terminator 30682 | -3/Quarantine | Used Core Reset Matrix 30686 | -3/Quarantine | Detected hypermatrix surge 30686 | -3/Quarantine | Sensed 9 artifacts in vicinity 30741 | -3/Quarantine | Discovered exit to Research (range 7) 30951 | -3/Quarantine | Build established: Scavenger-Assassin 31079 | -3/Quarantine | Lost 8 allies 31301 | -3/Quarantine | Entered Research 31301 | -2/Research | Warlord forces began assault on 0b10 31301 | -2/Research | Evolved 2 slots: Utility x1, Weapon x1 31399 | -2/Research | Repaired Enh. Biometal Leg 31411 | -2/Research | Research machine network offline 31555 | -2/Research | Spotted Executioner 31555 | -2/Research | Spotted Striker 31558 | -2/Research | Fired Sigix Terminator 31558 | -2/Research | Destroyed Striker 31558 | -2/Research | Destroyed Executioner 31589 | -2/Research | Borebot progress halted 31853 | -2/Research | Build established: Scavenger-Skirmisher 32029 | -2/Research | Spotted Striker 32037 | -2/Research | Spotted Striker 32069 | -2/Research | Warped through subspace 32074 | -2/Research | Lost 5 allies 32099 | -2/Research | Lost 4 parts (1p1n1u1w) 32116 | -2/Research | Discovered new exit (range 5) 32121 | -2/Research | Identified exit to Access 32122 | -2/Research | Entered Access 32122 | -1/Access | Evolved 2 slots: Utility x2 32273 | -1/Access | Lost 3 allies 32301 | -1/Access | Build established: Scavenger-Tank 32429 | -1/Access | Lost 15 parts (1p8n5u1w) 32527 | -1/Access | Core integrity fell below 50% 32534 | -1/Access | Emitted hypermatrix ping 32539 | -1/Access | Assembled emerged from beneath the floor 32558 | -1/Access | Lost 4 parts (2n2u) 32578 | -1/Access | Lost 5 allies 32613 | -1/Access | Assembled emerged from beneath the floor 32629 | -1/Access | Core integrity fell below 20% 32637 | -1/Access | Assembled emerged from beneath the floor 32640 | -1/Access | Garrison activated, responded to threat 32650 | -1/Access | Destroyed by Y-72 Warden via exploding Wave Collapse Detector Last Messages --------------- to Access Zone 3H. 32622_ as-22883 destroyed. 32623_ Acquired Adv. Hacking Suite. 32628_ Knocked back. 32636_ Penetrated by Slug. 32636_ Slug penetrates Wall. 32637_ Assembled emerge from beneath the floor. 32637_ Slug penetrates as-07735. 32638_ Slug penetrates H-88 Terminator. 32640_ Detected hypermatrix ping. 32640_ ALERT: Activating Garrison Access A005. 32641_ Slug penetrates Wall. 32646_ Connecting with Terminal... >>Index(Terminals) Found 22 terminals. Downloaded coordinate data. 32646_ ALERT: Suspicious activity at Terminal A015. Dispatching Investigation squad. 32650_ Slug penetrates Wall. 32650_ Wave Collapse Detector explodes. Map ----- +----------------------------------------------------+ | ?????????????????????????????????????????????????? | | ?????????????????????????????????????????????????? | | ?????????????????????????????????????????????????? | | ?????????????????????????????????????????????????? | | ?????????????????????????????????????????????????? | | ?????????????????????????????????????????????????? | | ?????????????????????????????????????????????????? | | ?????????????????? ??????????????????????????????? | | ??????????????? ??????????????????????????????? | | ????????????" ??????????????????????????????? | | ???????????? ??????????????????????????????? | | ?????? ?????# ??????????????????????????????? | | ??????? ????# ??????????????????????????????? | | ???????? ???# ""????????????????????????????? | | ???????? #### ""????????????????????????????? | | ????????? ""????????????????????????????? | | ?????????? ""????????????????????????????? | | ??????????? ????????????????????????????? | | ???????????? ????????????????????????????? | | ????????????# ????????????????????????????? | | ????????????# ????????????????????????????? | | ????????????# ????????????????????????????? | | ????????????# #????????????????????????????? | | ????????????# ####################?????????? | | ????????????# # #?????????? | | ????????????# # k@ #?????????? | | ????????????# # #?????????? | | ????????????# # #?????????? | | ????????????+ + * ""T"" #?????????? | | ????????????# # """"" #?????????? | | ????????????# # #?????????? | | ????????????# # #?????????? | | ????????????# ##;#################?????????? | | ????????????# #???????????????????? | | ????????????# #???????????????????? | | ????????????# #???????????????????? | | ????????????# #???????????????????? | | ????????????# a #???????????????????? | | ????????????# #???????????????????? | | ????????????# #???????????????????? | | ????????????########## #???????????????????? | | ????????????????????## ##??????????????????? | | ??????#########?????# %#??????????????????? | | ?????## ####### #??????????????????? | | ######" * % #??????????????????? | | #??????????????????? | | #??????????????????? | | % #??????????????????? | | ##### % #??????????????????? | | #???# % ####### #??????????????????? | +----------------------------------------------------+ Best States ------------- Heat Dissipation 83 Energy Generation 59 Energy Capacity 710 Matter Stores 300 Matter Capacity 300 Sight Range 23 Robot Scan Range 16 Terrain Scan Range 16 Terrain Scan Density 10 ECM Strength 2 Jamming Range 14 Cloak Strength 2 Power Amplification 30 Corruption Block 34 Armor Coverage 600 Resistance: KI 30 Resistance: TH 30 Resistance: EM 25 Core Shielding 20 Propulsion Shielding 66 Point Defense Rating 240 Weapon Cycling 25 Evasion (%) 61 Offensive Hacking 36 Defensive Hacking 14 Item Schematics ----------------- Exp. Signal Interpreter | -3/Quarantine | Archive Exp. Thermal Defense Suite | -3/Quarantine | Archive Cld. Impulse Thruster | -3/Quarantine | Archive Robot Schematics ------------------ B-74 Champion | -3/Quarantine | Archive B-60 Warrior | -3/Quarantine | Archive Fabricated ------------ Hacking Suite | x1 | -7/Factory Lrn. Terrain Scanner | x1 | -5/Factory Alien Tech Used ----------------- Integrated Reactor Core Reset Matrix Sigix Terminator Transdimensional Reconstructor Achievements -------------- Beloved We Are Legion Challenges ------------ None Game ------ Seed DeepFlyingShifter Manual? 0 Play Time 05:47:51 Cumulative 205.1 hours Start 2024.05.22 @ 15:30:18 End 2024.05.22 @ 21:25:39 Sessions 1 Manual Loads 0 Difficulty Rogue Special Mode None Game No. 111 Rogue 111 Adventurer 0 Explorer 0 Win Type - Total 3 Types 3/0/0/0/0/0/0/0/0 Lore% 55 Gallery% 61 Achievement% 53 Wizard Run 0 Options --------- Layout 1 ASCII 0 Keyboard 1 Movement Vi Keybinds 0 Fullscreen 2 Font 24/Smallcaps Map View 50x35 Zoom Use 0% Tactical HUD 1 Map Filters NONE Filters NONE Steam 1 RUN: b2738e98-6c2e-4c3d-82d0-d5f85d8a6e79